 Dungeon Crawl Stone Soup version 0.31-a0-931-g7b59d4eb97 (webtiles) character file.

Game seed: 1734828201026049841

231 LeprechaunX the Changeling (level 6, -4/61 HPs)
             Began as an Octopode Shapeshifter on Oct 19, 2023.
             Was an Initiate of Hepliaklqana.
             Slain by a troll (8 damage)
             ... on level 5 of the Dungeon.
             The game lasted 00:06:45 (2728 turns).

LeprechaunX the Changeling (Octopode Shapeshifter)  Turns: 2728, Time: 00:06:46

Health: -4/61      AC:  1    Str: 15    XL:     6   Next: 3%
Magic:  6/7        EV: 14    Int: 12    God:    Hepliaklqana [......]
Gold:   201        SH:  0    Dex: 18    Spells: 5/7 levels left

rFire   . .          .
                       - Unarmed
rCold   . . .        (no shield)
rNeg    . . .        (helmet currently unavailable)
rPois   .            s - amulet of regeneration
rElec   .            g - +6 ring of dexterity
rCorr   .            j - ring of wizardry
SInv    .            t - ring of willpower
Will    +....        (no ring) Stlth
                     (no ring)
HPRegen 1.10/turn    (no ring)
MPRegen 0.10/turn    (no ring)
                     (no ring)

%: wizardry (x1)
@: berserking, beast-form, very quick
A: beast (slay +2), almost no armour, amphibious, 8 rings, camouflage 1,
gelatinous body 1, (nimble swimmer 1), tentacles
a: Begin Untransformation, Renounce Religion


You were on level 5 of the Dungeon.
You worshipped Hepliaklqana.
Hepliaklqana was noncommittal.
You were a hulking beast.
You visited 1 branch of the dungeon, and saw 5 of its levels.
You also visited: Sewer.

You collected 201 gold pieces.

Inventory:

Jewellery
 g - a +6 ring of dexterity (left tentacle)
 j - a ring of wizardry (right tentacle)
 s - an amulet of regeneration (around mantle)
 t - a ring of willpower (on tentacle)
Talismans
 b - a beast talisman (active)
 c - a flux talisman
 r - a serpent talisman
Scrolls
 a - a scroll of poison {unknown}
 h - 3 scrolls of vulnerability {unknown}
 i - a scroll of silence {unknown}
 k - a scroll of immolation {unknown}
 n - 5 scrolls of identify {unknown}
 q - a scroll of butterflies {unknown}
 u - a scroll of revelation {unknown}
Potions
 d - a potion of cancellation {unknown}
 e - a potion of might {unknown}
 f - a potion of magic {unknown}
 l - 4 potions of curing {unknown}
 m - a potion of heal wounds {unknown}
 o - a potion of degeneration {unknown}
 p - a potion of berserk rage
 v - a potion of brilliance {unknown}


   Skills:
 + Level 2.4 Fighting
 + Level 2.9 Dodging
 + Level 3.8 Unarmed Combat
 + Level 1.1 Spellcasting
 + Level 1.4 Translocations
 * Level 4.2 Shapeshifting


You had 5 spell levels left.
You knew the following spells:

 Your Spells              Type           Power      Damage    Failure   Level
a - Blink                 Tloc           8%         N/A       10%         2

Your spell library contained the following spells:

 Spells                   Type           Power      Damage    Failure   Level
 Lesser Beckoning         Tloc           8%         N/A       10%         2
 Kiss of Death            Conj/Necr      0%         2d5       12%         1
 Momentum Strike          Conj/Tloc      4%         3d8       13%         2
 Cigotuvi's Dreadful Rot  Necr/Pois/Air  0%         N/A       17%         2
 Volatile Blastmotes      Fire/Tloc      4%         2d10      26%         3
 Confusing Touch          Hex            0%         N/A       32%         3
 Dazzling Flash           Conj/Hex       0%         N/A       32%         3
 Hailstorm                Conj/Ice       0%         3d3       32%         3
 Ignite Poison            Fire/Tmut/Pois 0%         N/A       32%         3
 Dispel Undead            Necr           0%         3d6       71%         4
 Summon Ice Beast         Ice/Summ       0%         N/A       71%         4
 Freezing Cloud           Conj/Ice/Air   0%         6-21      96%         5
 Simulacrum               Ice/Necr       0%         N/A       100%        6
 Starburst                Conj/Fire      0%         6d3       100%        6
 Maxwell's Capacitive Co  Air            0%         ∞         100%        8


Dungeon Overview and Level Annotations

Branches:
Dungeon (5/15)              Sewer (visited)
 Temple: D:4-7

Altars:
Cheibriados
Fedhas
Hepliaklqana
Xom

Shops:
D:5 (

Annotations:
D:4 Menkaure


Innate Abilities, Weirdness & Mutations

You are a hulking beast.
Your limbs bulge with bestial killing power. (Slay +2)
You cannot wear most types of armour.
You are amphibious.
You can wear up to eight rings at the same time.
Your skin changes colour to match your surroundings (Stealth+).
Your rubbery body absorbs attacks. (AC +1, EV +1)
((You are camouflaged when in or above water. (Stealth+)))
You have tentacles for arms and can constrict up to eight enemies at once.


Message History

Found a stone staircase leading down.
n - 5 scrolls labelled GIGAXZ ZYAP (gained 1)
You now have 201 gold pieces (gained 15).
You open the door.
A jelly, a sleepcap and a troll come into view.
The troll shouts!
Found 7 stones.
The jelly quivers.
You tentacle-slap the troll. You squeeze the troll!
The troll is moderately wounded.
You closely miss the troll.
Your tentacle-slap misses the troll.
The troll is moderately wounded.
The troll bites you! The troll closely misses you. The troll barely misses you.
You closely miss the troll.
The troll is moderately wounded.
The troll closely misses you. The troll claws you! x2
* * * LOW HITPOINT WARNING * * *
Casting: Blink (safe; 10% risk of failure)
Confirm with . or Enter, or press ? or * to list all spells.
You blink.
Found 11 gold pieces.
An iguana comes into view.
Casting: Blink (safe; 10% risk of failure)
Confirm with . or Enter, or press ? or * to list all spells.
You are still too unstable to blink.
Found 11 gold pieces.
You feel ready to blink again.
The iguana hisses angrily.
A red film seems to cover your vision as you go berserk!
You feel yourself moving faster!
You feel mighty! The troll bites you!
* * * LOW HITPOINT WARNING * * *
The troll barely misses you. x2
You bludgeon the troll!
Your tentacle-slap misses the troll.
The troll is moderately wounded.
The troll bites you.
* * * LOW HITPOINT WARNING * * *
The troll claws you!
* * * LOW HITPOINT WARNING * * *
The troll claws you!
You die...

... .. .. .# ##.#
#.. #l#######
####h......$
##.f.T.......
#######..#.........
..........J........
.####..f..####.....
#(.##...## .....
#...##.## ....
#..J#.# .... #.
#f'#.#+ .


You could see a troll, a sleepcap, an iguana and a jelly.

Vanquished Creatures
  Pargi (Sewer)
  A gnoll (D:1)
  4 adders
  A worm (D:2)
  A dart slug (D:1)
  3 orcs
  6 endoplasms
  6 giant cockroaches
  8 hobgoblins
  4 quokkas
  9 ball pythons
  10 bats
  3 frilled lizards
  10 goblins
  9 kobolds
  5 rats
81 creatures vanquished.

Notes
Turn   | Place    | Note
-------+----------+-------------------------------------------
     0 | D:1      | LeprechaunX the Octopode Shapeshifter began the quest for
                  | the Orb.
     0 | D:1      | Reached XP level 1. HP: 13/13 MP: 1/1
   149 | D:1      | Reached XP level 2. HP: 18/18 MP: 2/2
   485 | D:1      | Reached XP level 3. HP: 20/23 MP: 3/3
   658 | D:1      | Learned a level 2 spell: Blink
   883 | D:2      | Reached XP level 4. HP: 29/29 MP: 4/4
  1708 | D:3      | Found a shimmering altar of Xom.
  1710 | D:3      | Found a hazy altar of Hepliaklqana.
  1710 | D:3      | Noticed a tentacled monstrosity
  1711 | D:3      | Noticed a spectral ugly thing
  1711 | D:3      | Noticed a tentacled monstrosity
  1714 | D:3      | Became a worshipper of Hepliaklqana the Forgotten
  1889 | D:3      | Found a glowing drain.
  1899 | Sewer    | Entered a sewer
  1906 | Sewer    | Reached XP level 5. HP: 34/34 MP: 5/5
  1927 | Sewer    | Reached skill level 1 in Translocations
  1928 | Sewer    | Noticed Pargi
  1946 | Sewer    | Killed Pargi
  1947 | Sewer    | Reached skill level 1 in Spellcasting
  1947 | Sewer    | Reached skill level 4 in Shapeshifting
  2375 | D:4      | Noticed Menkaure
  2488 | D:4      | Found a snail-covered altar of Cheibriados.
  2519 | D:4      | Found a blossoming altar of Fedhas.
  2539 | D:4      | Reached XP level 6. HP: 41/41 MP: 7/7
  2646 | D:5      | Entered Level 5 of the Dungeon
  2679 | D:5      | Found Pasoo's Antique Weapon Shop.
  2714 | D:5      | Noticed a troll
  2728 | D:5      | Slain by a troll

Illustrated notes

Levels and vault maps discovered:
D:1:      dpeg_arrival_leaves_temple_mockup, layout_basic
D:2:      minmay_angry_zag, layout_loops_corners
D:3:      layout_rooms, regret_index_temple_of_mockery, portal_sewer_entry_d
D:4:      layout_basic, mainiacjoe_overflow_alcove_1,
          mainiacjoe_overflow_brackets, nicolae_elevator_lobby_plus,
          uniq_menkaure, uniq_crazy_yiuf_cottage, uniq_sigmund
D:5:      cheibrodos_barr_body, layout_cave_pods, serial_shops,
          nicolae_shop_tiny_glass, nicolae_shop_trees, nicolae_take_the_stairs,
          minmay_joined_circles, uniq_blork_the_orc, uniq_pikel

Skill      XL: |  1  2  3  4  5 |
---------------+----------------+-----
Fighting       | 2 |  2.4
Translocations | 1 |  1.4
Spellcasting   | 1 |  1.1
Shapeshifting  | 4 |  4.2
Dodging        | |  2.9
Unarmed Combat | |  3.8

Action                     |  1- 3 |  4- 6 || total
---------------------------+-------+-------++-------
  Melee: Unarmed           |    58 |    85 ||   143
         Constrict         |    13 |    25 ||    38
         Tentacles         |    11 |    23 ||    34
         Punch             |     2 |     4 ||     6
   Cast: Blink             |       |     2 ||     2
    Use: Potion            |       |     2 ||     2
   Stab: Sleeping          |    11 |    11 ||    22
 Armour: Skin              |    15 |    57 ||    72
  Dodge: Dodged            |    17 |    50 ||    67

Table legend: (Time is in decaauts)
 A = Elapsed time spent in this place.
 B = Non-inter-level travel time spent in this place.
 C = Inter-level travel time spent in this place.
 D = Time resting spent in this place.
 E = Time spent auto-exploring this place.
 F = Levels seen in this place.
 G = Mean time per level.
                   A        B        C        D        E       F      G
               +--------+--------+--------+--------+--------+-----+--------+
         Total |   2715 |   2455 |    260 |    152 |   1682 |   6 |  452.5 |
       Dungeon |   2529 |   2269 |    260 |     55 |   1640 |   5 |  505.8 |
         Sewer |    185 |    185 |      0 |     97 |     42 |   1 |  185.0 |
               +--------+--------+--------+--------+--------+-----+--------+

Top non-repeatable levels by time:
     D:2: 939 daAuts
     D:1: 685 daAuts
     D:3: 630 daAuts
     D:4: 193 daAuts
   Sewer: 185 daAuts
     D:5: 81 daAuts
